 Dungeon Crawl Stone Soup version 0.30.1-9-gdf580d7c3d (webtiles) character file.

Game seed: 760967371618416808

3747 kfffffffffffffgeeege the Covert (level 9, -3/65 HPs)
             Began as a Demonspawn Berserker on Oct 14, 2023.
             Was a Believer of Yredelemnul.
             Slain by a black bear (6 damage)
             ... created by the rage of Trog
             ... on level 7 of the Dungeon.
             The game lasted 00:49:24 (5404 turns).

kfffffffffffffgeeege the Covert (DsBe)              Turns: 5404, Time: 00:49:24

Health: -3/65      AC:  4    Str: 19    XL:     9   Next: 93%
Magic:  12/12      EV: 14    Int:  8    God:    Yredelemnul [**....]
Gold:   133        SH:  0    Dex: 20    Spells: 8/8 levels left

rFire   . . .        t - +2 dagger (drain)
rCold   + . .        (no shield)
rNeg    . . .        k - +0 leather armour
rPois   .            (helmet restricted)
rElec   .            (no cloak)
rCorr   +            (no gloves)
SInv    .            A - +0 pair of boots {Stlth+}
Will    .....        s - amulet of faith
Stlth   ++++++++     c - ring of protection from cold
HPRegen 0.30/turn    i - ring of resist corrosion
MPRegen 0.13/turn

%: faith
@: brilliant
A: antennae 2, thin skeletal structure 2, foul stench 1
a: Renounce Religion, Recall Undead Harvest, Dark Bargain


You were on level 7 of the Dungeon.
You worshipped Yredelemnul.
Yredelemnul was noncommittal.
You visited 2 branches of the dungeon, and saw 8 of its levels.

You collected 259 gold pieces.
You spent 126 gold pieces at shops.

Inventory:

Hand Weapons
 t - a +2 dagger of draining (weapon)
Missiles
 d - 8 boomerangs (quivered)
 g - a throwing net
Armour
 k - a +0 leather armour (worn)
 A - a +0 pair of boots of stealth (worn)
Jewellery
 c - a ring of protection from cold (left hand)
 i - a ring of resist corrosion (right hand)
 l - a +6 ring of intelligence
 p - an amulet of the acrobat
 r - an amulet of regeneration
 s - an amulet of faith (around neck)
Scrolls
 f - a scroll of amnesia
 j - 3 scrolls of teleportation
 v - a scroll of vulnerability
 w - a scroll of fear
 y - a scroll of torment
 D - a scroll of enchant weapon
 E - a scroll of enchant armour {unknown}
Potions
 a - 5 potions of mutation {unknown}
 b - a potion of might
 e - a potion of curing {unknown}
 h - a potion of lignification
 m - a potion of ambrosia {unknown}
 n - a potion of magic {unknown}
 o - 2 potions of brilliance
 q - 2 potions of attraction {unknown}
 u - 6 potions of degeneration {unknown}
 z - a potion of flight {unknown}
 B - 4 potions of haste {unknown}
 C - a potion of heal wounds {unknown}


   Skills:
 + Level 4.0 Fighting
 + Level 5.4 Short Blades
 - Level 2.6 Axes
 - Level 3.0 Armour
 * Level 4.5 Dodging
 + Level 10.9 Stealth
 + Level 4.2 Invocations


You had 8 spell levels left.
You didn't know any spells.
Your spell library contained the following spells:

 Spells                   Type           Power      Damage    Failure   Level
 Freeze                   Ice            0%         1d3       45%         1
 Sublimation of Blood     Necr           0%         N/A       61%         2
 Call Canine Familiar     Summ           0%         N/A       83%         3
 Frozen Ramparts          Ice            0%         1d1       83%         3
 Hailstorm                Conj/Ice       0%         3d3       83%         3
 Ozocubu's Armour         Ice            0%         N/A       83%         3
 Portal Projectile        Hex/Tloc       0%         N/A       83%         3
 Stone Arrow              Conj/Erth      0%         3d7       83%         3
 Animate Armour           Summ/Erth      0%         N/A       99%         4
 Leda's Liquefaction      Hex/Erth       0%         N/A       99%         4
 Petrify                  Tmut/Erth      0%         N/A       99%         4
 Irradiate                Conj/Tmut      0%         3d11      100%        5
 Ozocubu's Refrigeration  Ice            0%         4d7       100%        7
 Lehudib's Crystal Spear  Conj/Erth      0%         10d2      100%        8


Dungeon Overview and Level Annotations

Branches:
Dungeon (7/15)             Temple (1/1) D:5

Altars:
Ashenzari
Cheibriados
Fedhas
Gozag
Hepliaklqana
Makhleb
Nemelex Xobeh
Okawaru
Ru
Sif Muna
Uskayaw
Vehumet
Xom
Yredelemnul

Shops:
D:4 [((


Innate Abilities, Weirdness & Mutations

You have a pair of antennae on your head.
You have a moderately thin skeletal structure. (Dex +4, Stealth++)
You may rarely emit foul miasma when damaged in melee.


Message History

The black bear bites Pikel.
Pikel is destroyed!
Your yak zombie gores the black bear!
The black bear bites your yak zombie.
The black bear claws your yak zombie. x2; The black bear bites you.
The black bear misses you.
The black bear claws you but does no damage.
The polar bear bites you!!
The polar bear claws you but does no damage. x2
You hit the polar bear but do no damage.
The polar bear is lightly wounded.
Dowan hits the black bear.
Your yak zombie gores the black bear!
The black bear dies!
The polar bear misses you.
The polar bear claws you but does no damage. x2
The black bear barely misses you. The black bear claws you.
The black bear barely misses you.
You hit the polar bear.
The polar bear is lightly wounded.
The black bear misses you. The black bear claws you.
The black bear closely misses you. The polar bear bites you!!
* * * LOW HITPOINT WARNING * * *
You emit a cloud of foul miasma!
The polar bear barely misses you. x2
Dowan barely misses the black bear.
Okay, then.
Okay, then.
Press: ? - help, v - describe, . - travel
Here: a polar bear (foul pestilence, lightly wounded, durably summoned, berserk, ally target)
The floor.
You can't see any enemies this would affect, really read the scroll of fear?
Okay, then.
Press: ? - help, v - describe, . - travel
Here: a polar bear (foul pestilence, lightly wounded, durably summoned, berserk, ally target)
The floor.
Okay, then.
It was a potion of brilliance.
You feel clever all of a sudden.
Your yak zombie gores the polar bear!
The black bear barely misses you. The black bear claws you.
You die...
Your body rises from the dead as a mindless zombie.

########.Z# ##...
#..# ##...# #..#
#....# #..#
##...## #..#
##....## #..#
##.<....) ##..##
###......).
#hhZ.###.........)
#@ZZ..............
##................
##(..............
##..............
#..............
##.............
#.........####
#..###...## #
##.## ##..# #


You could see a polar bear (berserk, distracted, ally target), a black bear
(berserk), 2 friendly yak zombies and the friendly Dowan the elf zombie.

Vanquished Creatures
  Pikel (D:7)
  A yak (D:7)
  Eustachio (D:4)
  A steam dragon (D:7)
  2 water moccasins
  A sky beast (D:7)
  2 ogres (D:6)
  A centaur (D:7)
  A phantom (D:4)
  2 bullfrogs
  2 scorpions (D:4)
  2 gnoll sergeants
  Dowan (D:7)
  A howler monkey (D:5)
  3 orc priests
  A hound (D:6)
  2 jellies
  A sleepcap (D:4)
  5 iguanas
  3 orc wizards
  7 gnolls
  8 adders
  A white imp (D:7)
  An ufetubus (D:7)
  A worm (D:3)
  4 dart slugs
  13 orcs
  6 bats
  10 endoplasms
  3 giant cockroaches
  7 goblins
  4 hobgoblins
  2 jackals (D:5)
  7 quokkas
  9 ball pythons
  4 kobolds
  8 rats
129 creatures vanquished.

Vanquished Creatures (collateral kills)
  A hornet (D:7)
  4 yaks (D:7)
  Duvessa (D:7)
  2 black bears
  A howler monkey (D:5)
  A jelly (D:7)
  3 gnolls (D:7)
  An adder (D:6)
  An ufetubus (D:5)
  An orc (D:6)
  A jackal (D:5)
17 creatures vanquished.

Vanquished Creatures (others)
  A hornet zombie (D:7)
  A water moccasin zombie (D:7)
  A yak zombie (D:7)
  A bullfrog zombie (D:6)
  A kobold zombie (D:7)
  A steam dragon zombie (D:7)
  An elf zombie (D:7)
  An iguana zombie (D:7)
  A jelly zombie (D:7)
  A spectral white imp (D:7)
  An adder zombie (D:6)
  5 gnoll zombies
  4 orc zombies
  A spectral ufetubus (D:7)
21 creatures vanquished.

Grand Total: 167 creatures vanquished

Notes
Turn   | Place    | Note
-------+----------+-------------------------------------------
     0 | D:1      | kfffffffffffffgeeege the Demonspawn Berserker began the
                  | quest for the Orb.
     0 | D:1      | Reached XP level 1. HP: 18/18 MP: 1/1
   157 | D:1      | Gained mutation: You have a somewhat thin skeletal
                  | structure. (Dex +2, Stealth+) [demonic ancestry]
   157 | D:1      | Reached XP level 2. HP: 19/24 MP: 2/2
   367 | D:1      | Reached skill level 1 in Stealth
   523 | D:2      | Gained mutation: You have a moderately thin skeletal
                  | structure. (Dex +4, Stealth++) [demonic ancestry]
   523 | D:2      | Reached XP level 3. HP: 26/29 MP: 3/3
   587 | D:2      | Found a faded altar of an unknown god.
   735 | D:2      | Reached ** piety under Trog
   748 | D:2      | You fall into a shaft and drop 1 floor!
   794 | D:2      | Reached skill level 2 in Stealth
   824 | D:2      | Reached XP level 4. HP: 24/36 MP: 4/4
   960 | D:2      | Reached skill level 1 in Short Blades
  1222 | D:3      | Gained mutation: You have a pair of small antennae on your
                  | head. [demonic ancestry]
  1222 | D:3      | Reached XP level 5. HP: 42/42 MP: 5/5
  1415 | D:3      | Found a broken altar of Ashenzari.
  1552 | D:3      | Reached *** piety under Trog
  1964 | D:4      | Found Tuph's Weapon Shoppe.
  2038 | D:4      | Found Pojek's Weapon Boutique.
  2173 | D:4      | Noticed Eustachio
  2190 | D:4      | Killed Eustachio
  2191 | D:4      | Reached skill level 3 in Stealth
  2191 | D:4      | Reached XP level 6. HP: 41/48 MP: 6/6
  2351 | D:4      | Reached skill level 4 in Stealth
  2363 | D:4      | Reached XP level 7. HP: 47/54 MP: 7/7
  2531 | D:4      | Found Ackau's Armour Boutique.
  2537 | D:4      | Bought a +0 pair of boots of stealth for 126 gold pieces
  2569 | D:5      | Entered Level 5 of the Dungeon
  2679 | D:5      | Found a staircase to the Ecumenical Temple.
  2701 | Temple   | Entered the Ecumenical Temple
  2870 | Temple   | Fell from the grace of Trog
  2870 | Temple   | Became a worshipper of Yredelemnul the Dark
  2967 | D:5      | Reached skill level 5 in Stealth
  3017 | D:5      | Reached * piety under Yredelemnul
  3017 | D:5      | You fall into a shaft and drop 1 floor!
  3114 | D:6      | Gained mutation: You have a pair of antennae on your head.
                  | [demonic ancestry]
  3114 | D:6      | Reached XP level 8. HP: 60/60 MP: 8/8
  3144 | D:6      | Reached skill level 6 in Stealth
  3656 | D:6      | Reached skill level 7 in Stealth
  3821 | D:6      | Found a blossoming altar of Fedhas.
  3886 | D:6      | Found a shimmering blue altar of Sif Muna.
  3889 | D:6      | Reached ** piety under Yredelemnul
  4023 | D:7      | Reached skill level 5 in Short Blades
  4099 | D:7      | Reached skill level 8 in Stealth
  4172 | D:7      | Reached skill level 1 in Invocations
  4388 | D:7      | Noticed Duvessa
  4388 | D:7      | Noticed Pikel
  4389 | D:7      | Noticed Dowan
  4400 | D:7      | Gained mutation: You may rarely emit foul miasma when
                  | damaged in melee. [demonic ancestry]
  4400 | D:7      | Reached XP level 9. HP: 56/65 MP: 8/10
  4490 | D:7      | Found a sparkling altar of Nemelex Xobeh.
  4576 | D:7      | Reached skill level 9 in Stealth
  4589 | D:7      | Reached *** piety under Yredelemnul
  4589 | D:7      | Reached skill level 10 in Stealth
  4593 | D:7      | Reached **** piety under Yredelemnul
  4783 | D:7      | Killed Duvessa
  4787 | D:7      | Killed Dowan
  5300 | D:7      | Your ally Duvessa died
  5314 | D:7      | Killed Pikel
  5397 | D:7      | Noticed a polar bear
  5401 | D:7      | Your ally Pikel died
  5403 | D:7      | HP: 3/65 [polar bear[the rage of Trog] (28)]
  5404 | D:7      | Slain by a black bear

Illustrated notes

Levels and vault maps discovered:
D:1:      dpeg_arrival_rooms_c, layout_rooms, st_stairs_13
D:2:      layout_basic, dreamdust_ecumenical_altar_statues, minmay_misc_feat_x,
          minmay_joined_circles
D:3:      layout_rooms, lemuel_crystal_altar, chequers_serial_rivers_micro_e,
          nicolae_hexahallways
D:4:      layout_rooms, serial_shops, kennysheep_little_box,
          nicolae_shop_just_a_little_nook, nicolae_shop_crystal, uniq_eustachio
D:5:      corexii_shack_village, layout_loops_cross, trog_butcher_becter,
          minmay_temple_entry_antechambers, guppyfry_early_lair_pool
D:6:      layout_loops_ring, fedhas_altar_4, lemuel_coloured_pillars_altar
D:7:      layout_layer_cave, general_overflow_altar, serial_rivers,
          chequers_serial_rivers_micro_c, chequers_serial_rivers_small_a,
          chequers_serial_rivers_micro_c, chequers_serial_rivers_micro_d,
          uniq_pikel, uniq_duvessa
Temple:   hellmonk_temple_forest_ring

Skill      XL: |  1  2  3  4  5  6  7  8  9 |
---------------+----------------------------+-----
Stealth        | 1 2 3 4 5 8 10 | 10.9
Armour         | 2 3 |  3.0
Dodging        | 2 3 4 |  4.5
Short Blades   | 1 2 4 5 |  5.4
Fighting       | 4 |  4.0
Invocations    | 2 4 |  4.2
Axes           | |  2.6

Action                     |  1- 3 |  4- 6 |  7- 9 || total
---------------------------+-------+-------+-------++-------
  Melee: Hand axe          |    39 |       |       ||    39
         Punch             |     2 |     1 |     2 ||     5
         Dagger            |    22 |   135 |   177 ||   334
         Short sword       |    10 |       |       ||    10
  Throw: Boomerang         |       |       |     2 ||     2
 Invoke: Berserk           |       |     3 |       ||     3
         Trog's Hand       |       |     3 |       ||     3
         Recall Undead Har |       |       |     7 ||     7
         Dark Bargain      |       |       |     1 ||     1
    Use: Scroll            |     3 |    10 |     7 ||    20
         Potion            |       |       |     3 ||     3
   Stab: Sleeping          |    14 |    15 |    16 ||    45
         Distracted        |       |     1 |     1 ||     2
 Armour: Animal skin       |     4 |       |       ||     4
         Leather armour    |     3 |    11 |    41 ||    55
         Scale mail        |       |    17 |       ||    17
         Skin              |       |       |     8 ||     8
  Dodge: Dodged            |    30 |    67 |   122 ||   219
